 Dungeon Crawl Stone Soup version 0.31.0-32-g396128a36d (webtiles) character file.

Game seed: 11087251817638108422

831 Alphaeus the Ruffian (level 7, 33/67 HPs)
             Began as a Troll Shapeshifter on Mar 18, 2024.
             Was an Initiate of Ashenzari.
             Quit the game on level 5 of the Dungeon.
             The game lasted 00:04:14 (2316 turns).

Alphaeus the Ruffian (Troll Shapeshifter)           Turns: 2316, Time: 00:04:14

Health: 33/67      AC:  4    Str: 25    XL:     7   Next: 65%
Magic:  6/6        EV:  9    Int:  6    God:    Ashenzari [......]
Gold:   175        SH:  0    Dex:  9    Spells: 6/6 levels left

rFire   . .          .
                       - Unarmed
rCold   . . .        (no shield)
rNeg    . . .        a - +0 animal skin "Irritation of Ashenzari" {Self, Cun} (curse)
rPois   .            (helmet currently unavailable)
rElec   .            (cloak currently unavailable)
rCorr   .            (gloves unavailable)
SInv    .            (boots unavailable)
Will    .....        (no amulet)
Stlth   +            (no ring)
HPRegen 1.11/turn    (no ring)
MPRegen 0.10/turn

%: no passive effects
@: beast-form
A: beast (slay +3), large, unfitting armour, claws 3, regeneration 1, shaggy fur
1, tough skin 1
a: Begin Untransformation, Renounce Religion, Curse Item, Shatter the Chains


You were on level 5 of the Dungeon.
You worshipped Ashenzari.
Ashenzari was noncommittal.
You were a hulking beast.
You visited 1 branch of the dungeon, and saw 5 of its levels.

You collected 265 gold pieces.
You spent 90 gold pieces at shops.

Inventory:

Missiles
 u - 2 throwing nets (quivered)
Armour
 a - the cursed +0 animal skin "Irritation of Ashenzari" (worn) {Self, Cun}

   It has a curse which improves the following skills: Introspection: Fighting
   and Spellcasting.
   Cunning:   Dodging and Stealth.
Talismans
 c - a beast talisman
 d - a flux talisman
 k - a granite talisman
Wands
 n - a wand of polymorph (5)
 p - a wand of acid (9)
Scrolls
 e - a scroll of revelation {unknown}
 f - 4 scrolls of identify {unknown}
 g - 2 scrolls of noise {unknown}
 i - 2 scrolls of poison {unknown}
 l - a scroll of vulnerability {unknown}
 m - 2 scrolls of blinking
 o - a scroll of teleportation {unknown}
 q - a scroll of immolation {unknown}
Potions
 b - 3 potions of lignification
 h - a potion of heal wounds {unknown}
 j - a potion of haste {unknown}
 r - a potion of curing {unknown}
 s - 2 potions of attraction {unknown}
 t - a potion of cancellation {unknown}


   Skills:
 + Level 3.1(3.5) Fighting
 - Level 1.5(1.9) Dodging
 * Level 6.2 Unarmed Combat
 * Level 5.8 Shapeshifting


You had 6 spell levels left.
You didn't know any spells.
Your spell library contained the following spells:

 Spells                   Type           Power      Damage    Failure   Level
 Kiss of Death            Conj/Necr      0%         2d5       45%         1
 Cigotuvi's Dreadful Rot  Necr/Alch/Air  0%         N/A       58%         2
 Confusing Touch          Hex            0%         N/A       83%         3
 Anguish                  Hex/Necr       0%         N/A       99%         4
 Cause Fear               Hex            0%         N/A       99%         4
 Dispel Undead            Necr           0%         3d6       99%         4
 Ignite Poison            Fire/Alch      0%         N/A       99%         4
 Freezing Cloud           Conj/Ice/Air   0%         6-21      100%        5
 Enfeeble                 Hex            0%         N/A       100%        7


Dungeon Overview and Level Annotations

Branches:
Dungeon (5/15)             Temple (0/1) D:5

Altars:
Ashenzari
Zin

Shops:
D:3 :   D:4 ?


Innate Abilities, Weirdness & Mutations

You are a hulking beast.
Your limbs bulge with bestial killing power. (Slay +3)
You are too large for most types of armour.
You have claws for hands.
Your natural rate of healing is unusually fast.
You are covered in fur. (AC +1)
You have tough skin. (AC +1)


Message History

A centaur comes into view.
Found 12 gold pieces.
The centaur shouts!
The centaur wields a +0 orcbow.
The centaur shoots an arrow.
The arrow hits you!
A centaur is nearby!
A centaur is nearby!
A centaur is nearby!
The centaur shoots an arrow.
The arrow hits you!
The centaur shoots an arrow.
The arrow closely misses you.
The centaur shoots an arrow.
The arrow hits you.
The centaur shoots an arrow.
The arrow hits you!
The centaur shoots an arrow.
The arrow hits you but does no damage.
The centaur shoots an arrow.
The arrow closely misses you.
You barely miss the centaur.
The centaur unwields a +0 orcbow.
The centaur hits you. The centaur completely misses you. The centaur hits you.
The centaur kicks you.
You are too injured to fight recklessly!
You are too injured to fight recklessly!
You are too injured to fight recklessly!
You are too injured to fight recklessly!
You are too injured to fight recklessly!
You are too injured to fight recklessly!
You are too injured to fight recklessly!
You are too injured to fight recklessly!
You are too injured to fight recklessly!
You are too injured to fight recklessly!
You are too injured to fight recklessly!
You are too injured to fight recklessly!
You are too injured to fight recklessly!
You are too injured to fight recklessly!
You are too injured to fight recklessly!
You are too injured to fight recklessly!
You are too injured to fight recklessly!
You are too injured to fight recklessly!
You are too injured to fight recklessly!
A centaur is nearby!
A centaur is nearby!
Unknown command.
Are you sure you want to abandon this character and quit the game? (Confirm with "yes".)

....... # ...
.......#. .....
#........##......
........#.........
#................
##.....$..........
#......c........# .
#.....h........#..
.................#
#..............##
#...............# ..
....#
..#.............###..
.##....###
###.#...............
..#.......
....................
..#......#
.#..........##.......
.........##
###.................


You could see a centaur.

Vanquished Creatures
  A centaur (D:5)
  A phantom (D:4)
  A gnoll sergeant (D:5)
  2 scorpions (D:5)
  A bombardier beetle (D:4)
  A hound (D:4)
  Ijyb (D:4)
  A sleepcap (D:4)
  Jessica (D:2)
  2 iguanas (D:5)
  Natasha (thrice) (D:3)
  An orc wizard (D:3)
  4 gnolls (D:5)
  6 adders
  4 dart slugs
  4 ribbon worms
  5 orcs
  4 endoplasms
  4 giant cockroaches
  8 goblins
  3 hobgoblins
  3 jackals (D:2)
  6 quokkas
  11 ball pythons
  6 bats
  4 frilled lizards
  9 kobolds
  10 rats
107 creatures vanquished.

Notes
Turn   | Place    | Note
-------+----------+-------------------------------------------
     0 | D:1      | Alphaeus the Troll Shapeshifter began the quest for the
                  | Orb.
     0 | D:1      | Reached XP level 1. HP: 18/18 MP: 0/0
    46 | D:1      | Reached skill level 1 in Fighting
    46 | D:1      | Reached XP level 2. HP: 27/27 MP: 1/1
   311 | D:1      | Reached XP level 3. HP: 33/33 MP: 2/2
   586 | D:2      | Noticed Jessica
   591 | D:2      | Killed Jessica
   592 | D:2      | Reached XP level 4. HP: 41/41 MP: 3/3
   620 | D:2      | Found a faded altar of an unknown god.
   622 | D:2      | Reached skill level 4 in Unarmed Combat
   636 | D:2      | Prayed at the altar of an unknown god.
   636 | D:2      | Became a worshipper of Ashenzari the Shackled
   912 | D:3      | Reached XP level 5. HP: 37/49 MP: 4/4
  1018 | D:3      | Noticed Natasha
  1025 | D:3      | Killed Natasha
  1092 | D:3      | Found Qaimmotz's Book Shoppe.
  1112 | D:3      | Noticed Natasha
  1119 | D:3      | Killed Natasha
  1316 | D:3      | Noticed Natasha
  1336 | D:3      | Killed Natasha
  1353 | D:3      | Identified the cursed +0 animal skin "Irritation of
                  | Ashenzari" {Self, Cun}
  1517 | D:4      | Noticed a phantom
  1523 | D:4      | Killed a phantom
  1524 | D:4      | Reached skill level 5 in Unarmed Combat
  1524 | D:4      | Reached XP level 6. HP: 55/59 MP: 5/5
  1579 | D:4      | Noticed Ijyb
  1585 | D:4      | Killed Ijyb
  1674 | D:4      | Found Tedeitt's Magic Scroll Shoppe.
  1677 | D:4      | Bought a scroll of blinking for 90 gold pieces
  1784 | D:4      | Reached skill level 5 in Shapeshifting
  1909 | D:5      | Entered Level 5 of the Dungeon
  1921 | D:5      | Reached XP level 7. HP: 64/67 MP: 6/6
  1926 | D:5      | Found a staircase to the Ecumenical Temple.
  1948 | D:5      | Found a glowing silver altar of Zin.
  1948 | D:5      | Found a broken altar of Ashenzari.
  2121 | D:5      | Reached skill level 6 in Unarmed Combat
  2139 | D:5      | HP: 3/67 [gnoll/+0 spear[a gnoll sergeant] (7)]
  2316 | D:5      | Quit the game

Illustrated notes

Levels and vault maps discovered:
D:1:      lightli_molten_gateway, layout_rooms
D:2:      layout_rooms, nicolae_ecumenical_snake_handling, uniq_jessica
D:3:      layout_rooms, serial_shops, shop, st_stairs_2, uniq_natasha
D:4:      layout_gridville, serial_shops, shop, uniq_ijyb
D:5:      layout_cave_pools, grunt_temple_overflow_open, xom_redecorated,
          minmay_temple_entry_offerings

Skill      XL: |  1  2  3  4  5  6  7 |
---------------+----------------------+-----
Fighting       | 1 2 3 |  3.1
Unarmed Combat | 4 5 6 |  6.2
Shapeshifting  | 4 5 |  5.8
Dodging        | |  1.5

Action                     |  1- 3 |  4- 6 |  7- 9 || total
---------------------------+-------+-------+-------++-------
  Melee: Unarmed           |    81 |   144 |    23 ||   248
         Punch             |     1 |     3 |     2 ||     6
 Invoke: Curse Item        |       |     1 |       ||     1
 Armour: Animal skin       |    53 |    88 |    44 ||   185
         Skin              |       |     5 |       ||     5
  Dodge: Dodged            |    49 |    73 |    30 ||   152
